| Goals | Penalties |
No Goal
|
No Penalty
|
1. Griffins , T.J. Tynan 18 (Jakob Pelletier 14, Logan Stanley 10) at 6:35
2. Griffins , Tim Gettinger 17 (T.J. Tynan 27, Jakob Pelletier 15) at 8:14
3. Griffins , Jakob Pelletier 13 (T.J. Tynan 28, Chris Wideman 12) at 17:59
|
No Penalty
|
4. Griffins , Zack Kassian 25 (Jiri Kulich 28, Cole Schwindt 26) at 6:25
5. Comets , Juuso Parssinen 24 (Logan Stankoven 25, Samuel Fagemo 19) at 13:02 (PP)
6. Comets , Logan Stankoven 22 (Juuso Parssinen 33) at 15:50 (PP)
|
Adam Beckman (NJD) for Interference (Minor) at 1:18 T.J. Tynan (DET) for Tripping (Minor) at 8:29 Brett Berard (NJD) for Interference (Minor) at 9:54 Logan Stanley (DET) for Hooking (Minor) at 12:06 Zack Kassian (DET) for Elbowing (Minor) at 15:47
|
|
Filip Lindberg (NJD), 27 saves from 31 shots - (0,871), L, 7-7-2, 60:00 minutes
Jakub Skarek (DET), 35 saves from 37 shots - (0,946), W, 5-3-2, 60:00 minutes
|
|
1 - T.J. Tynan (DET)
2 - Jakob Pelletier (DET)
3 - Tim Gettinger (DET)
|
Referees : Elizabeth Mantha and Jacob Brenk
Linesman : Meghan Mallette and Veronica Lovensno
|
|
| No Game Note
|
| Team Name |
Goals |
Shots |
Shots Attemp |
Shots Blocked |
PIM |
HIT |
PP |
PK |
FO% |
| Comets |
2 | 37 | 69 | 13 | 4 | 24 | 2 / 3 (67%) | 0 | 57% |
| Griffins |
4 | 31 | 65 | 12 | 6 | 31 | 0 / 2 (0%) | 2 | 43% |
Comets
| Player Name |
POS |
G |
A |
P |
+/- |
PIM |
HIT |
SHT |
SB |
MP |
PP MP |
PP SHT |
PK MP |
PK SHT |
FO% |
FOT |
GA |
TA |
| Adam Beckman | LW | 0 | 0 | 0 | -2 | 2 | 0 | 2 | 0 | 12:48 | 0:00 | 0 | 0:23 | 0 | 0% |
0 | 0 | 0 |
| Aku Raty | C | 0 | 0 | 0 | -1 | 0 | 3 | 1 | 2 | 19:21 | 0:59 | 0 | 0:59 | 0 | 50% |
10 | 0 | 1 |
| Andrew Nielsen | D | 0 | 0 | 0 | -1 | 0 | 0 | 1 | 0 | 5:17 | 0:00 | 0 | 0:00 | 0 | 0% |
0 | 0 | 0 |
| Brett Berard | LW | 0 | 0 | 0 | -1 | 2 | 5 | 3 | 0 | 18:33 | 0:58 | 0 | 0:09 | 0 | 100% |
1 | 0 | 0 |
| Connor McMichael | C/LW | 0 | 0 | 0 | 0 | 0 | 0 | 0 | 0 | 0:56 | 0:00 | 0 | 0:00 | 0 | 0% |
0 | 0 | 0 |
| David Spacek | D | 0 | 0 | 0 | 0 | 0 | 0 | 1 | 1 | 9:32 | 0:39 | 0 | 0:00 | 0 | 0% |
0 | 0 | 0 |
| Fabian Lysell | RW | 0 | 0 | 0 | -1 | 0 | 0 | 3 | 0 | 17:58 | 0:59 | 0 | 0:00 | 0 | 100% |
1 | 2 | 1 |
| Filip Chytil | C/LW | 0 | 0 | 0 | -2 | 0 | 1 | 1 | 0 | 12:14 | 0:00 | 0 | 0:00 | 0 | 0% |
0 | 1 | 1 |
| Filip Kral | D | 0 | 0 | 0 | -1 | 0 | 1 | 1 | 3 | 31:28 | 1:45 | 0 | 2:20 | 0 | 0% |
0 | 2 | 2 |
| Justin Sourdif | C | 0 | 0 | 0 | 0 | 0 | 0 | 0 | 0 | 8:50 | 0:00 | 0 | 0:38 | 0 | 40% |
5 | 0 | 1 |
| Juuso Parssinen | C | 1 | 1 | 2 | -1 | 0 | 1 | 9 | 0 | 25:56 | 1:25 | 3 | 1:51 | 0 | 57% |
35 | 0 | 1 |
| Kim Nousiainen | D | 0 | 0 | 0 | -2 | 0 | 1 | 1 | 1 | 17:24 | 0:00 | 0 | 1:04 | 0 | 0% |
0 | 0 | 2 |
| Logan Stankoven | C/RW | 1 | 1 | 2 | -1 | 0 | 0 | 3 | 1 | 20:43 | 1:25 | 1 | 1:49 | 0 | 0% |
1 | 1 | 1 |
| Lukas Cormier | D | 0 | 0 | 0 | -2 | 0 | 3 | 1 | 2 | 24:02 | 1:16 | 0 | 1:32 | 0 | 0% |
0 | 1 | 3 |
| Riley Sutter | RW | 0 | 0 | 0 | 0 | 0 | 1 | 0 | 0 | 7:49 | 0:00 | 0 | 0:00 | 0 | 0% |
0 | 0 | 0 |
| Ryan Johnson | D | 0 | 0 | 0 | -2 | 0 | 2 | 5 | 2 | 31:21 | 1:08 | 0 | 1:52 | 1 | 0% |
0 | 0 | 1 |
| Ryan Winterton | C | 0 | 0 | 0 | -2 | 0 | 5 | 2 | 0 | 12:40 | 0:00 | 0 | 0:00 | 0 | 83% |
6 | 0 | 0 |
| Samuel Fagemo | LW/RW | 0 | 1 | 1 | -1 | 0 | 1 | 3 | 1 | 19:08 | 1:25 | 0 | 0:59 | 0 | 50% |
4 | 0 | 0 |
Griffins
| Player Name |
POS |
G |
A |
P |
+/- |
PIM |
HIT |
SHT |
SB |
MP |
PP MP |
PP SHT |
PK MP |
PK SHT |
FO% |
FOT |
GA |
TA |
| Chris Wideman | D | 0 | 1 | 1 | 1 | 0 | 3 | 1 | 1 | 16:02 | 1:17 | 0 | 0:00 | 0 | 0% |
0 | 2 | 1 |
| Cole Schwindt | C/RW | 0 | 1 | 1 | 1 | 0 | 3 | 4 | 0 | 20:15 | 1:38 | 0 | 1:26 | 0 | 38% |
24 | 0 | 1 |
| Egor Zamula | D | 0 | 0 | 0 | 3 | 0 | 4 | 4 | 4 | 23:42 | 1:17 | 0 | 1:25 | 0 | 0% |
0 | 3 | 1 |
| Emil Heineman | LW/RW | 0 | 0 | 0 | 0 | 0 | 0 | 2 | 0 | 13:00 | 0:00 | 0 | 0:00 | 0 | 100% |
1 | 1 | 0 |
| Gavin Hain | C | 0 | 0 | 0 | 0 | 0 | 1 | 2 | 0 | 13:12 | 0:00 | 0 | 0:05 | 0 | 58% |
12 | 0 | 0 |
| Jacob MacDonald | D | 0 | 0 | 0 | 1 | 0 | 1 | 1 | 0 | 17:02 | 1:40 | 0 | 0:36 | 0 | 0% |
0 | 2 | 1 |
| Jacob Melanson | RW | 0 | 0 | 0 | 0 | 0 | 0 | 0 | 1 | 7:27 | 0:17 | 0 | 0:00 | 0 | 0% |
0 | 0 | 0 |
| Jakob Pelletier | LW | 1 | 2 | 3 | 3 | 0 | 0 | 2 | 0 | 18:56 | 1:29 | 0 | 0:34 | 0 | 0% |
0 | 0 | 0 |
| Jeff Kubiak | C/LW/RW | 0 | 0 | 0 | 0 | 0 | 2 | 0 | 0 | 7:34 | 0:27 | 0 | 0:00 | 0 | 0% |
0 | 0 | 0 |
| Jiri Kulich | C/LW | 0 | 1 | 1 | 1 | 0 | 3 | 4 | 1 | 17:53 | 1:28 | 0 | 0:00 | 0 | 100% |
1 | 0 | 0 |
| Logan Stanley | D | 0 | 1 | 1 | 3 | 2 | 2 | 0 | 0 | 21:48 | 0:00 | 0 | 0:49 | 0 | 0% |
0 | 1 | 1 |
| Markus Nurmi | LW/RW | 0 | 0 | 0 | 0 | 0 | 0 | 0 | 0 | 13:00 | 0:00 | 0 | 0:00 | 0 | 0% |
0 | 1 | 0 |
| Mason Geertsen | LW | 0 | 0 | 0 | 0 | 0 | 0 | 0 | 0 | 6:58 | 0:00 | 0 | 0:00 | 0 | 0% |
0 | 0 | 1 |
| Matthew Kessel | D | 0 | 0 | 0 | 0 | 0 | 0 | 0 | 2 | 21:33 | 2:07 | 0 | 0:59 | 0 | 0% |
0 | 1 | 0 |
| Simon Edvinsson | D | 0 | 0 | 0 | 0 | 0 | 1 | 1 | 0 | 19:52 | 0:27 | 0 | 0:59 | 0 | 0% |
0 | 0 | 0 |
| T.J. Tynan | C | 1 | 2 | 3 | 3 | 2 | 4 | 2 | 0 | 19:15 | 1:56 | 0 | 0:22 | 0 | 38% |
24 | 1 | 1 |
| Tim Gettinger | LW/RW | 1 | 0 | 1 | 3 | 0 | 5 | 4 | 0 | 19:20 | 1:29 | 0 | 0:58 | 0 | 0% |
1 | 0 | 0 |
| Zack Kassian | RW | 1 | 0 | 1 | 1 | 2 | 2 | 4 | 3 | 20:10 | 1:28 | 0 | 1:23 | 0 | 0% |
0 | 2 | 0 |
Comets
| 5 vs 5 Forward |
|---|
| Line # | Left Wing | Center | Right Wing | PHY | DF | OF | Wanted % | Time % | Time Play |
| 1 | Samuel Fagemo | Juuso Parssinen | Logan Stankoven | 1 | 2 | 2 | 40 | 32% | 17:25
|
| 2 | Brett Berard | Aku Raty | Fabian Lysell | 1 | 2 | 2 | 30 | 32% | 16:59
|
| 3 | Adam Beckman | Ryan Winterton | Filip Chytil | 1 | 2 | 2 | 20 | 22% | 12:03
|
| 4 | Juuso Parssinen | Justin Sourdif | Riley Sutter | 1 | 2 | 2 | 10 | 13% | 7:11
|
| 5 vs 5 Defense |
|---|
| Line # | Defense | Defense | | PHY | DF | OF | Wanted % | Time % | Time Play |
| 1 | Filip Kral | Ryan Johnson | | 1 | 2 | 2 | 40 | 31% | 16:41
|
| 2 | Filip Kral | Lukas Cormier | | 1 | 2 | 2 | 30 | 30% | 15:52
|
| 3 | Ryan Johnson | Kim Nousiainen | | 1 | 2 | 2 | 20 | 27% | 14:29
|
| 4 | Lukas Cormier | Ryan Johnson | | 1 | 2 | 2 | 10 | 12% | 6:36
|
| Power Play Forward |
|---|
| Line # | Left Wing | Center | Right Wing | PHY | DF | OF | Wanted % | Time % | Time Play |
| 1 | Samuel Fagemo | Juuso Parssinen | Logan Stankoven | 1 | 2 | 2 | 60 | 59% | 1:25
|
| 2 | Brett Berard | Aku Raty | Fabian Lysell | 1 | 2 | 2 | 40 | 41% | 0:59
|
| Power Play Defense |
|---|
| Line # | Defense | Defense | | PHY | DF | OF | Wanted % | Time % | Time Play |
| 1 | Filip Kral | Ryan Johnson | | 1 | 2 | 2 | 60 | 47% | 1:08
|
| 2 | Filip Kral | Lukas Cormier | | 1 | 2 | 2 | 40 | 53% | 1:16
|
| Penalty Kill 4 Players Forward |
|---|
| Line # | Center | Wing | PHY | DF | OF | Wanted % | Time % | Time Play |
| 1 | Juuso Parssinen | Logan Stankoven | 1 | 2 | 2 | 60 | 71% | 2:25
|
| 2 | Samuel Fagemo | Aku Raty | 1 | 2 | 2 | 40 | 29% | 0:59
|
| Penalty Kill 4 Players Defense |
|---|
| Line # | Defense | Defense | PHY | DF | OF | Wanted % | Time % | Time Play |
| 1 | Filip Kral | Ryan Johnson | 1 | 2 | 2 | 60 | 55% | 1:52
|
| 2 | Filip Kral | Lukas Cormier | 1 | 2 | 2 | 40 | 45% | 1:32
|
| Penalty Kill 3 Players |
|---|
| Line # | Wing | PHY | DF | OF | Wanted % | Time % | Time Play | Defense | Defense | PHY | DF | OF | Wanted % | Time % | Time Play |
| 1 | Juuso Parssinen | 1 | 2 | 2 | 60 | 0% | 0:00
| Filip Kral | Ryan Johnson | 1 | 2 | 2 | 60 | 0% | 0:00
|
| 2 | Logan Stankoven | 1 | 2 | 2 | 40 | 0% | 0:00
| Filip Kral | Lukas Cormier | 1 | 2 | 2 | 40 | 0% | 0:00
|
| 4 vs 4 Forward |
|---|
| Line # | Center | Wing | PHY | DF | OF | Wanted % | Time % | Time Play |
| 1 | Juuso Parssinen | Logan Stankoven | 1 | 2 | 2 | 60 | 100% | 0:34
|
| 2 | Samuel Fagemo | Aku Raty | 1 | 2 | 2 | 40 | 0% | 0:00
|
| 4 vs 4 Defense |
|---|
| Line # | Defense | | PHY | DF | OF | Wanted % | Time % | Time Play |
| 1 | Filip Kral | Ryan Johnson | 1 | 2 | 2 | 60 | 100% | 60% - 0:34
|
| 2 | Filip Kral | Lukas Cormier | 1 | 2 | 2 | 40 | 0% | 40% - 0:00
|
| Last Minutes Offensive |
|---|
| Left Wing | Center | Right Wing | Defense | Defense |
| Samuel Fagemo | Juuso Parssinen | Logan Stankoven | Filip Kral | Ryan Johnson |
| Last Minutes Defensive |
|---|
| Left Wing | Center | Right Wing | Defense | Defense |
| Samuel Fagemo | Juuso Parssinen | Logan Stankoven | Filip Kral | Ryan Johnson |
| Time |
|---|
| Total Forward | Total Defense | Last Minutes Offensive | Last Minutes Defensive |
| 60:00 |
60:00 |
0:00 | 0:00 |
| Extra Forwards |
|---|
| Normal | PowerPlay | Penalty Kill |
|
Juuso Parssinen, Ryan Winterton, Justin Sourdif | Juuso Parssinen, Ryan Winterton | Justin Sourdif |
| Extra Defensemen |
|---|
| Normal | PowerPlay | Penalty Kill |
|
Ryan Johnson, Kim Nousiainen, Filip Kral | Ryan Johnson, Kim Nousiainen | Filip Kral |
| Penalty Shots |
|---|
|
Juuso Parssinen, Logan Stankoven, Samuel Fagemo, Aku Raty, Ryan Winterton |
| Goalie |
|---|
| Filip Lindberg, Trent Miner |
| Scratches |
|---|
|
Andrew Lucas (Healthy), Anthony Costantini (Healthy), Judd Caulfield (Healthy), Oskar Pettersson (Healthy), Marian Studenic (Healthy)
Brady Lyle (Healthy), Zayde Wisdom (Healthy), Samuel Helenius (Healthy), Rory Kerins (Healthy) |
Griffins
| 5 vs 5 Forward |
|---|
| Line # | Left Wing | Center | Right Wing | PHY | DF | OF | Wanted % | Time % | Time Play |
| 1 | Jiri Kulich | Cole Schwindt | Zack Kassian | 0 | 3 | 2 | 35 | 31% | 16:25
|
| 2 | Jakob Pelletier | T.J. Tynan | Tim Gettinger | 0 | 3 | 2 | 34 | 33% | 17:44
|
| 3 | Markus Nurmi | Gavin Hain | Emil Heineman | 0 | 3 | 2 | 26 | 24% | 13:00
|
| 4 | Mason Geertsen | Jeff Kubiak | Jacob Melanson | 0 | 3 | 2 | 5 | 12% | 6:29
|
| 5 vs 5 Defense |
|---|
| Line # | Defense | Defense | | PHY | DF | OF | Wanted % | Time % | Time Play |
| 1 | Logan Stanley | Egor Zamula | | 0 | 3 | 2 | 35 | 35% | 18:43
|
| 2 | Simon Edvinsson | Matthew Kessel | | 0 | 3 | 2 | 34 | 34% | 18:11
|
| 3 | Chris Wideman | Jacob MacDonald | | 0 | 3 | 2 | 26 | 28% | 14:45
|
| 4 | Logan Stanley | Egor Zamula | | 0 | 3 | 2 | 5 | 4% | 1:59
|
| Power Play Forward |
|---|
| Line # | Left Wing | Center | Right Wing | PHY | DF | OF | Wanted % | Time % | Time Play |
| 1 | Jiri Kulich | Cole Schwindt | Zack Kassian | 1 | 0 | 4 | 53 | 56% | 1:55
|
| 2 | Jakob Pelletier | T.J. Tynan | Tim Gettinger | 1 | 0 | 4 | 47 | 44% | 1:29
|
| Power Play Defense |
|---|
| Line # | Defense | Defense | | PHY | DF | OF | Wanted % | Time % | Time Play |
| 1 | Egor Zamula | Chris Wideman | | 0 | 1 | 4 | 53 | 38% | 1:17
|
| 2 | Jacob MacDonald | Matthew Kessel | | 0 | 1 | 4 | 47 | 62% | 2:07
|
| Penalty Kill 4 Players Forward |
|---|
| Line # | Center | Wing | PHY | DF | OF | Wanted % | Time % | Time Play |
| 1 | Cole Schwindt | Zack Kassian | 1 | 3 | 1 | 55 | 60% | 1:26
|
| 2 | T.J. Tynan | Tim Gettinger | 1 | 3 | 1 | 45 | 40% | 0:58
|
| Penalty Kill 4 Players Defense |
|---|
| Line # | Defense | Defense | PHY | DF | OF | Wanted % | Time % | Time Play |
| 1 | Logan Stanley | Egor Zamula | 1 | 3 | 1 | 55 | 59% | 1:25
|
| 2 | Simon Edvinsson | Matthew Kessel | 1 | 3 | 1 | 45 | 41% | 0:59
|
| Penalty Kill 3 Players |
|---|
| Line # | Wing | PHY | DF | OF | Wanted % | Time % | Time Play | Defense | Defense | PHY | DF | OF | Wanted % | Time % | Time Play |
| 1 | Cole Schwindt | 1 | 3 | 1 | 55 | 0% | 0:00
| Logan Stanley | Egor Zamula | 1 | 3 | 1 | 55 | 0% | 0:00
|
| 2 | T.J. Tynan | 1 | 3 | 1 | 45 | 0% | 0:00
| Simon Edvinsson | Matthew Kessel | 1 | 3 | 1 | 45 | 0% | 0:00
|
| 4 vs 4 Forward |
|---|
| Line # | Center | Wing | PHY | DF | OF | Wanted % | Time % | Time Play |
| 1 | Cole Schwindt | Zack Kassian | 0 | 3 | 2 | 60 | 100% | 0:34
|
| 2 | T.J. Tynan | Jakob Pelletier | 0 | 3 | 2 | 40 | 0% | 0:00
|
| 4 vs 4 Defense |
|---|
| Line # | Defense | | PHY | DF | OF | Wanted % | Time % | Time Play |
| 1 | Logan Stanley | Egor Zamula | 1 | 2 | 2 | 60 | 53% | 60% - 0:18
|
| 2 | Simon Edvinsson | Matthew Kessel | 1 | 2 | 2 | 40 | 47% | 40% - 0:16
|
| Last Minutes Offensive |
|---|
| Left Wing | Center | Right Wing | Defense | Defense |
| Jiri Kulich | Cole Schwindt | Zack Kassian | Egor Zamula | Chris Wideman |
| Last Minutes Defensive |
|---|
| Left Wing | Center | Right Wing | Defense | Defense |
| Jiri Kulich | T.J. Tynan | Zack Kassian | Logan Stanley | Egor Zamula |
| Time |
|---|
| Total Forward | Total Defense | Last Minutes Offensive | Last Minutes Defensive |
| 60:00 |
60:00 |
0:00 | 0:00 |
| Extra Forwards |
|---|
| Normal | PowerPlay | Penalty Kill |
|
Zack Kassian, Cole Schwindt, T.J. Tynan | Jacob Melanson, Markus Nurmi | Jakob Pelletier |
| Extra Defensemen |
|---|
| Normal | PowerPlay | Penalty Kill |
|
Logan Stanley, Matthew Kessel, Egor Zamula | Logan Stanley, Jacob MacDonald | Chris Wideman |
| Penalty Shots |
|---|
|
Zack Kassian, Jiri Kulich, Jacob MacDonald, Chris Wideman, T.J. Tynan |
| Goalie |
|---|
| Jakub Skarek, Mads Sogaard |
| Scratches |
|---|
|
Dillon Hamaliuk (Healthy), Francesco Pinelli (Healthy), Topias Vilen (Healthy), Tyson Hinds (Healthy), Jordie Benn (Healthy)
Brandon Coe (Healthy), Jacob Perreault (Healthy), Keean Washkurak (Healthy), Reece Newkirk (Healthy), Xavier Bernard (Healthy)
Jack Thompson (Healthy), Ronan Seeley (Healthy), Tyrel Bauer (Healthy), Christopher Gibson (Healthy), Sebastian Cossa (Healthy) |
Play-by-Play
1st period
0:01 of 1st period - Juuso Parssinen wins face-off versus Cole Schwindt in neutral zone.
0:31 of 1st period - Off-side.
0:32 of 1st period - Ryan Winterton wins face-off versus Gavin Hain in neutral zone.
0:35 of 1st period - Emil Heineman is hit by Ryan Winterton and loses puck.
0:42 of 1st period - Wrist shot by Filip Chytil.
0:42 of 1st period - Deflect By Adam Beckman.
0:42 of 1st period - Stopped by Jakub Skarek without a rebound.
0:43 of 1st period - Justin Sourdif wins face-off versus T.J. Tynan in Griffins zone.
0:58 of 1st period - Wrist shot by T.J. Tynan.
0:58 of 1st period - Shot Blocked by Kim Nousiainen.
1:17 of 1st period - Backhand shot by Markus Nurmi.
1:17 of 1st period - Deflect By Emil Heineman.
1:17 of 1st period - Stopped by Filip Lindberg with a rebound.
1:51 of 1st period - Egor Zamula is hit by Filip Kral and loses puck.
2:16 of 1st period - Filip Kral is hit by Tim Gettinger and loses puck.
2:35 of 1st period - Logan Stanley is hit by Riley Sutter and loses puck.
3:29 of 1st period - Jacob MacDonald is hit by Ryan Winterton.
3:37 of 1st period - Kim Nousiainen is hit by Tim Gettinger and loses puck.
3:48 of 1st period - Adam Beckman is hit by Simon Edvinsson and loses puck.
4:26 of 1st period - Off-side.
4:27 of 1st period - Juuso Parssinen wins face-off versus Cole Schwindt in neutral zone.
4:53 of 1st period - Logan Stanley is hit by Brett Berard and loses puck.
5:11 of 1st period - Off-side.
5:12 of 1st period - Gavin Hain wins face-off versus Justin Sourdif in neutral zone.
5:15 of 1st period - Wrist shot by Jacob MacDonald.
5:15 of 1st period - Stopped by Filip Lindberg with a rebound.
5:17 of 1st period - Snap shot by Gavin Hain.
5:17 of 1st period - Shot Misses the Net.
5:23 of 1st period - Wrist shot by Gavin Hain.
5:23 of 1st period - Shot Misses the Net.
5:25 of 1st period - Snap shot by Emil Heineman.
5:25 of 1st period - Stopped by Filip Lindberg with a rebound.
5:37 of 1st period - David Spacek is hit by T.J. Tynan and loses puck.
5:48 of 1st period - Slapshot by Juuso Parssinen.
5:48 of 1st period - Stopped by Jakub Skarek with a rebound.
6:24 of 1st period - Snap shot by Juuso Parssinen.
6:24 of 1st period - Shot Blocked by Chris Wideman.
6:26 of 1st period - Slapshot by David Spacek.
6:26 of 1st period - Deflect By T.J. Tynan.
6:26 of 1st period - Stopped by Jakub Skarek with a rebound.
6:28 of 1st period - Slapshot by Andrew Nielsen.
6:28 of 1st period - Stopped by Jakub Skarek without a rebound.
6:29 of 1st period - Brett Berard wins face-off versus Cole Schwindt in Griffins zone.
7:01 of 1st period - Snap shot by Gavin Hain.
7:01 of 1st period - Stopped by Filip Lindberg without a rebound.
7:02 of 1st period - Ryan Winterton wins face-off versus Gavin Hain in Comets zone.
7:09 of 1st period - Emil Heineman is hit by Filip Chytil and loses puck.
7:16 of 1st period - Slapshot by Filip Chytil.
7:16 of 1st period - Stopped by Jakub Skarek with a rebound.
7:39 of 1st period - Markus Nurmi is hit by Lukas Cormier and loses puck.
8:09 of 1st period - Kim Nousiainen is hit by Egor Zamula and loses puck.
8:54 of 1st period - Backhand shot by Adam Beckman.
8:54 of 1st period - Shot Blocked by Jacob Melanson.
8:56 of 1st period - Wrist shot by Filip Chytil.
8:56 of 1st period - Shot Misses the Net.
8:58 of 1st period - Snap shot by Ryan Winterton.
8:58 of 1st period - Stopped by Jakub Skarek with a rebound.
9:37 of 1st period - Slapshot by Filip Chytil.
9:37 of 1st period - Shot Blocked by Matthew Kessel.
9:59 of 1st period - Off-side.
10:00 of 1st period - Cole Schwindt wins face-off versus Juuso Parssinen in neutral zone.
10:25 of 1st period - Filip Kral is hit by Logan Stanley and loses puck.
10:41 of 1st period - Icing by Chris Wideman.
10:42 of 1st period - Emil Heineman wins face-off versus Justin Sourdif in Griffins zone.
11:18 of 1st period - Jiri Kulich is hit by Aku Raty and loses puck.
12:24 of 1st period - Backhand shot by Matthew Kessel.
12:24 of 1st period - Shot Blocked by Logan Stankoven.
12:26 of 1st period - Backhand shot by Zack Kassian.
12:26 of 1st period - Shot Hit the Post.
12:28 of 1st period - Snap shot by Zack Kassian.
12:28 of 1st period - Shot Misses the Net.
13:18 of 1st period - Brett Berard is hit by Jiri Kulich and loses puck.
13:45 of 1st period - Filip Chytil is hit by Jeff Kubiak and loses puck.
13:52 of 1st period - Slapshot by Jeff Kubiak.
13:52 of 1st period - Shot Misses the Net.
15:11 of 1st period - Ryan Johnson is hit by Egor Zamula and loses puck.
15:48 of 1st period - Logan Stanley is hit by Aku Raty and loses puck.
16:27 of 1st period - Aku Raty is hit by Chris Wideman and loses puck.
16:46 of 1st period - Adam Beckman is hit by Cole Schwindt and loses puck.
17:10 of 1st period - Off-side.
17:11 of 1st period - Ryan Winterton wins face-off versus T.J. Tynan in neutral zone.
17:35 of 1st period - Egor Zamula is hit by Juuso Parssinen.
18:02 of 1st period - Riley Sutter is hit by Gavin Hain and loses puck.
18:29 of 1st period - Jakob Pelletier is hit by Ryan Winterton and loses puck.
18:36 of 1st period - Matthew Kessel is hit by Ryan Winterton and loses puck.
18:49 of 1st period - Aku Raty is hit by Jeff Kubiak and loses puck.
19:28 of 1st period - Jiri Kulich is hit by Brett Berard and loses puck.
19:45 of 1st period - Snap shot by Zack Kassian.
19:45 of 1st period - Stopped by Filip Lindberg without a rebound.
19:46 of 1st period - T.J. Tynan wins face-off versus Juuso Parssinen in Comets zone.
19:47 of 1st period - Snap shot by Jakob Pelletier.
19:47 of 1st period - Stopped by Filip Lindberg without a rebound.
19:48 of 1st period - Juuso Parssinen wins face-off versus T.J. Tynan in Comets zone.
19:55 of 1st period - Wrist shot by Logan Stankoven.
19:55 of 1st period - Shot Misses the Net.
Goals for this period are 0 for Comets vs 0 for Griffins.
Shots for this period are 6 for Comets vs 6 for Griffins.
2nd period
0:01 of 2nd period - Juuso Parssinen wins face-off versus T.J. Tynan in neutral zone.
0:04 of 2nd period - Slapshot by Juuso Parssinen.
0:04 of 2nd period - Stopped by Jakub Skarek with a rebound.
0:27 of 2nd period - Logan Stanley is hit by Brett Berard and loses puck.
0:32 of 2nd period - Slapshot by Fabian Lysell.
0:32 of 2nd period - Shot Misses the Net.
0:40 of 2nd period - Icing by Logan Stanley.
0:41 of 2nd period - Juuso Parssinen wins face-off versus Cole Schwindt in Griffins zone.
0:44 of 2nd period - Snap shot by Logan Stankoven.
0:44 of 2nd period - Shot Misses the Net.
0:46 of 2nd period - Snap shot by Juuso Parssinen.
0:46 of 2nd period - Stopped by Jakub Skarek with a rebound.
0:48 of 2nd period - Wrist shot by Juuso Parssinen.
0:48 of 2nd period - Stopped by Jakub Skarek with a rebound.
0:50 of 2nd period - Snap shot by Logan Stankoven.
0:50 of 2nd period - Shot Misses the Net.
0:52 of 2nd period - Slapshot by Lukas Cormier.
0:52 of 2nd period - Deflect By Logan Stankoven.
0:52 of 2nd period - Shot Hit the Post.
0:52 of 2nd period - Puck is out of play.
0:53 of 2nd period - Juuso Parssinen wins face-off versus T.J. Tynan in Griffins zone.
0:56 of 2nd period - Backhand shot by Juuso Parssinen.
0:56 of 2nd period - Shot Misses the Net.
0:58 of 2nd period - Slapshot by Ryan Johnson.
0:58 of 2nd period - Deflect By Juuso Parssinen.
0:58 of 2nd period - Shot Misses the Net.
0:58 of 2nd period - Puck is out of play.
0:59 of 2nd period - T.J. Tynan wins face-off versus Juuso Parssinen in Griffins zone.
1:30 of 2nd period - Snap shot by Brett Berard.
1:30 of 2nd period - Shot Blocked by Egor Zamula.
1:32 of 2nd period - Wrist shot by Brett Berard.
1:32 of 2nd period - Shot Misses the Net.
1:34 of 2nd period - Wrist shot by Fabian Lysell.
1:34 of 2nd period - Stopped by Jakub Skarek with a rebound.
1:36 of 2nd period - Slapshot by Aku Raty.
1:36 of 2nd period - Shot Blocked by Jiri Kulich.
1:38 of 2nd period - Slapshot by Brett Berard.
1:38 of 2nd period - Stopped by Jakub Skarek with a rebound.
1:52 of 2nd period - Wrist shot by Adam Beckman.
1:52 of 2nd period - Shot Misses the Net.
1:54 of 2nd period - Snap shot by Adam Beckman.
1:54 of 2nd period - Stopped by Jakub Skarek with a rebound.
1:56 of 2nd period - Snap shot by Ryan Winterton.
1:56 of 2nd period - Shot Misses the Net.
1:58 of 2nd period - Snap shot by Lukas Cormier.
1:58 of 2nd period - Shot Blocked by Zack Kassian.
2:14 of 2nd period - Snap shot by Juuso Parssinen.
2:14 of 2nd period - Stopped by Jakub Skarek without a rebound.
2:15 of 2nd period - Juuso Parssinen wins face-off versus T.J. Tynan in Griffins zone.
2:18 of 2nd period - Slapshot by Logan Stankoven.
2:18 of 2nd period - Stopped by Jakub Skarek without a rebound.
2:19 of 2nd period - Juuso Parssinen wins face-off versus T.J. Tynan in Griffins zone.
2:25 of 2nd period - Snap shot by Samuel Fagemo.
2:25 of 2nd period - Stopped by Jakub Skarek without a rebound.
2:26 of 2nd period - T.J. Tynan wins face-off versus Juuso Parssinen in Griffins zone.
3:00 of 2nd period - Slapshot by Matthew Kessel.
3:00 of 2nd period - Shot Blocked by Lukas Cormier.
3:02 of 2nd period - Slapshot by Matthew Kessel.
3:02 of 2nd period - Deflect By Emil Heineman.
3:02 of 2nd period - Shot Misses the Net.
3:02 of 2nd period - Puck is out of play.
3:03 of 2nd period - Cole Schwindt wins face-off versus Aku Raty in Comets zone.
3:04 of 2nd period - Wrist shot by Zack Kassian.
3:04 of 2nd period - Stopped by Filip Lindberg with a rebound.
3:06 of 2nd period - Snap shot by Cole Schwindt.
3:06 of 2nd period - Stopped by Filip Lindberg without a rebound.
3:07 of 2nd period - Aku Raty wins face-off versus Cole Schwindt in Comets zone.
3:07 of 2nd period - Aku Raty is hit by Cole Schwindt.
3:12 of 2nd period - Off-side.
3:13 of 2nd period - Fabian Lysell wins face-off versus Cole Schwindt in neutral zone.
3:27 of 2nd period - Jacob MacDonald is hit by Lukas Cormier and loses puck.
4:01 of 2nd period - Jiri Kulich is hit by Aku Raty and loses puck.
4:32 of 2nd period - Snap shot by Zack Kassian.
4:32 of 2nd period - Shot Blocked by Filip Kral.
4:34 of 2nd period - Wrist shot by Jiri Kulich.
4:34 of 2nd period - Shot Misses the Net.
4:36 of 2nd period - Snap shot by Zack Kassian.
4:36 of 2nd period - Shot Misses the Net.
4:40 of 2nd period - Snap shot by Zack Kassian.
4:40 of 2nd period - Deflect By Cole Schwindt.
4:40 of 2nd period - Shot Blocked by Aku Raty.
4:40 of 2nd period - Puck is out of play.
4:41 of 2nd period - Juuso Parssinen wins face-off versus T.J. Tynan in Comets zone.
5:33 of 2nd period - Wrist shot by Juuso Parssinen.
5:33 of 2nd period - Stopped by Jakub Skarek without a rebound.
5:34 of 2nd period - T.J. Tynan wins face-off versus Justin Sourdif in Griffins zone.
5:39 of 2nd period - Slapshot by Juuso Parssinen.
5:39 of 2nd period - Shot Misses the Net.
5:41 of 2nd period - Snap shot by Riley Sutter.
5:41 of 2nd period - Shot Misses the Net.
5:43 of 2nd period - Slapshot by Filip Kral.
5:43 of 2nd period - Shot Misses the Net.
5:45 of 2nd period - Slapshot by Justin Sourdif.
5:45 of 2nd period - Shot Misses the Net.
5:47 of 2nd period - Snap shot by Riley Sutter.
5:47 of 2nd period - Shot Hit the Post.
5:57 of 2nd period - Backhand shot by Logan Stanley.
5:57 of 2nd period - Shot Blocked by Filip Kral.
5:59 of 2nd period - Snap shot by Gavin Hain.
5:59 of 2nd period - Stopped by Filip Lindberg with a rebound.
6:01 of 2nd period - Slapshot by Simon Edvinsson.
6:01 of 2nd period - Stopped by Filip Lindberg without a rebound.
6:02 of 2nd period - Juuso Parssinen wins face-off versus Gavin Hain in Comets zone.
6:35 of 2nd period - Wrist shot by T.J. Tynan.
6:35 of 2nd period - Goal by T.J. Tynan - Comets : 0 - Griffins : 1.
6:36 of 2nd period - Samuel Fagemo wins face-off versus T.J. Tynan in neutral zone.
7:25 of 2nd period - Filip Kral is hit by Zack Kassian and loses puck.
7:48 of 2nd period - Slapshot by Logan Stanley.
7:48 of 2nd period - Shot Misses the Net.
8:14 of 2nd period - Snap shot by Tim Gettinger.
8:14 of 2nd period - Goal by Tim Gettinger - Comets : 0 - Griffins : 2.
8:15 of 2nd period - Juuso Parssinen wins face-off versus T.J. Tynan in neutral zone.
8:18 of 2nd period - Snap shot by Logan Stankoven.
8:18 of 2nd period - Stopped by Jakub Skarek with a rebound.
9:33 of 2nd period - Icing by Samuel Fagemo.
9:34 of 2nd period - Aku Raty wins face-off versus T.J. Tynan in Comets zone.
9:45 of 2nd period - Slapshot by Brett Berard.
9:45 of 2nd period - Shot Misses the Net.
9:47 of 2nd period - Snap shot by Brett Berard.
9:47 of 2nd period - Stopped by Jakub Skarek without a rebound.
9:48 of 2nd period - Gavin Hain wins face-off versus Samuel Fagemo in Griffins zone.
10:40 of 2nd period - Slapshot by Jiri Kulich.
10:40 of 2nd period - Stopped by Filip Lindberg with a rebound.
11:42 of 2nd period - Off-side.
11:43 of 2nd period - Aku Raty wins face-off versus T.J. Tynan in neutral zone.
11:52 of 2nd period - Slapshot by Brett Berard.
11:52 of 2nd period - Stopped by Jakub Skarek with a rebound.
12:17 of 2nd period - Adam Beckman is hit by Zack Kassian and loses puck.
12:57 of 2nd period - Ryan Johnson is hit by Chris Wideman and loses puck.
14:26 of 2nd period - Brett Berard is hit by Tim Gettinger and loses puck.
14:42 of 2nd period - Markus Nurmi is hit by Ryan Johnson and loses puck.
14:46 of 2nd period - Icing by Logan Stanley.
14:47 of 2nd period - Ryan Winterton wins face-off versus Gavin Hain in Griffins zone.
15:00 of 2nd period - Snap shot by Ryan Winterton.
15:00 of 2nd period - Stopped by Jakub Skarek with a rebound.
15:30 of 2nd period - Snap shot by Zack Kassian.
15:30 of 2nd period - Stopped by Filip Lindberg with a rebound.
16:06 of 2nd period - Brett Berard is hit by Tim Gettinger and loses puck.
16:11 of 2nd period - Slapshot by Egor Zamula.
16:11 of 2nd period - Shot Misses the Net.
16:13 of 2nd period - Slapshot by Egor Zamula.
16:13 of 2nd period - Shot Blocked by Lukas Cormier.
16:15 of 2nd period - Slapshot by Egor Zamula.
16:15 of 2nd period - Stopped by Filip Lindberg with a rebound.
16:33 of 2nd period - Ryan Johnson is hit by Cole Schwindt and loses puck.
17:03 of 2nd period - Snap shot by Simon Edvinsson.
17:03 of 2nd period - Shot Blocked by David Spacek.
17:34 of 2nd period - Juuso Parssinen is hit by T.J. Tynan and loses puck.
17:59 of 2nd period - Wrist shot by Jakob Pelletier.
17:59 of 2nd period - Goal by Jakob Pelletier - Comets : 0 - Griffins : 3.
18:00 of 2nd period - Cole Schwindt wins face-off versus Juuso Parssinen in neutral zone.
18:43 of 2nd period - Egor Zamula is hit by Ryan Winterton and loses puck.
18:56 of 2nd period - Kim Nousiainen is hit by Logan Stanley and loses puck.
Goals for this period are 0 for Comets vs 3 for Griffins.
Shots for this period are 14 for Comets vs 10 for Griffins.
3rd period
0:01 of 3rd period - Cole Schwindt wins face-off versus Juuso Parssinen in neutral zone.
0:12 of 3rd period - Slapshot by Cole Schwindt.
0:12 of 3rd period - Stopped by Filip Lindberg without a rebound.
0:13 of 3rd period - Juuso Parssinen wins face-off versus Cole Schwindt in Comets zone.
0:13 of 3rd period - Juuso Parssinen is hit by Jiri Kulich.
0:26 of 3rd period - Off-side.
0:27 of 3rd period - Juuso Parssinen wins face-off versus Tim Gettinger in neutral zone.
0:39 of 3rd period - Wrist shot by Samuel Fagemo.
0:39 of 3rd period - Shot Blocked by Egor Zamula.
0:41 of 3rd period - Wrist shot by Samuel Fagemo.
0:41 of 3rd period - Stopped by Jakub Skarek with a rebound.
0:43 of 3rd period - Slapshot by Filip Kral.
0:43 of 3rd period - Shot Blocked by Egor Zamula.
1:13 of 3rd period - Snap shot by Filip Chytil.
1:13 of 3rd period - Shot Misses the Net.
1:18 of 3rd period - Minor Penalty to Adam Beckman for Interference.
1:19 of 3rd period - Cole Schwindt wins face-off versus Juuso Parssinen in Comets zone.
1:46 of 3rd period - Icing by Jacob MacDonald.
1:47 of 3rd period - T.J. Tynan wins face-off versus Juuso Parssinen in Griffins zone.
2:19 of 3rd period - Slapshot by Ryan Johnson.
2:19 of 3rd period - Stopped by Jakub Skarek without a rebound.
2:20 of 3rd period - Jiri Kulich wins face-off versus Samuel Fagemo in Griffins zone.
3:18 of 3rd period - Penalty to Adam Beckman is over, Adam Beckman is back on ice.
3:27 of 3rd period - Snap shot by Emil Heineman.
3:27 of 3rd period - Shot Blocked by Ryan Johnson.
3:29 of 3rd period - Slapshot by Egor Zamula.
3:29 of 3rd period - Deflect By Ryan Johnson.
3:29 of 3rd period - Stopped by Filip Lindberg without a rebound.
3:30 of 3rd period - Ryan Winterton wins face-off versus Gavin Hain in Comets zone.
3:35 of 3rd period - Slapshot by Ryan Johnson.
3:35 of 3rd period - Stopped by Jakub Skarek without a rebound.
3:36 of 3rd period - Gavin Hain wins face-off versus Juuso Parssinen in Griffins zone.
4:09 of 3rd period - Snap shot by Jakob Pelletier.
4:09 of 3rd period - Shot Misses the Net.
4:11 of 3rd period - Snap shot by T.J. Tynan.
4:11 of 3rd period - Stopped by Filip Lindberg without a rebound.
4:12 of 3rd period - Juuso Parssinen wins face-off versus Cole Schwindt in Comets zone.
4:28 of 3rd period - Wrist shot by Jiri Kulich.
4:28 of 3rd period - Deflect By Cole Schwindt.
4:28 of 3rd period - Shot Misses the Net.
4:28 of 3rd period - Puck is out of play.
4:29 of 3rd period - T.J. Tynan wins face-off versus Aku Raty in Comets zone.
4:30 of 3rd period - Wrist shot by Simon Edvinsson.
4:30 of 3rd period - Shot Blocked by Aku Raty.
4:54 of 3rd period - Filip Kral is hit by Jiri Kulich and loses puck.
5:18 of 3rd period - Off-side.
5:19 of 3rd period - Gavin Hain wins face-off versus Ryan Winterton in neutral zone.
5:44 of 3rd period - Ryan Johnson is hit by Chris Wideman and loses puck.
6:09 of 3rd period - Snap shot by Aku Raty.
6:09 of 3rd period - Stopped by Jakub Skarek without a rebound.
6:10 of 3rd period - Juuso Parssinen wins face-off versus Cole Schwindt in Griffins zone.
6:11 of 3rd period - Wrist shot by Logan Stankoven.
6:11 of 3rd period - Shot Blocked by Egor Zamula.
6:21 of 3rd period - Snap shot by Cole Schwindt.
6:21 of 3rd period - Stopped by Filip Lindberg with a rebound.
6:23 of 3rd period - Wrist shot by Jiri Kulich.
6:23 of 3rd period - Shot Blocked by Filip Kral.
6:25 of 3rd period - Slapshot by Zack Kassian.
6:25 of 3rd period - Goal by Zack Kassian - Comets : 0 - Griffins : 4.
6:26 of 3rd period - T.J. Tynan wins face-off versus Juuso Parssinen in neutral zone.
6:35 of 3rd period - Slapshot by Egor Zamula.
6:35 of 3rd period - Stopped by Filip Lindberg with a rebound.
6:37 of 3rd period - Wrist shot by Jakob Pelletier.
6:37 of 3rd period - Shot Blocked by Samuel Fagemo.
6:39 of 3rd period - Slapshot by Logan Stanley.
6:39 of 3rd period - Shot Blocked by Ryan Johnson.
6:41 of 3rd period - Slapshot by Egor Zamula.
6:41 of 3rd period - Stopped by Filip Lindberg with a rebound.
6:53 of 3rd period - Wrist shot by Jiri Kulich.
6:53 of 3rd period - Stopped by Filip Lindberg without a rebound.
6:54 of 3rd period - Cole Schwindt wins face-off versus Aku Raty in Comets zone.
6:57 of 3rd period - Wrist shot by Jiri Kulich.
6:57 of 3rd period - Deflect By Ryan Johnson.
6:57 of 3rd period - Stopped by Filip Lindberg with a rebound.
7:07 of 3rd period - Simon Edvinsson is hit by Brett Berard and loses puck.
7:24 of 3rd period - Wrist shot by Cole Schwindt.
7:24 of 3rd period - Shot Misses the Net.
7:26 of 3rd period - Wrist shot by Jiri Kulich.
7:26 of 3rd period - Stopped by Filip Lindberg without a rebound.
7:27 of 3rd period - Juuso Parssinen wins face-off versus T.J. Tynan in Comets zone.
7:27 of 3rd period - Juuso Parssinen is hit by T.J. Tynan.
7:32 of 3rd period - Samuel Fagemo is hit by T.J. Tynan and loses puck.
7:40 of 3rd period - Off-side.
7:41 of 3rd period - Gavin Hain wins face-off versus Logan Stankoven in neutral zone.
7:45 of 3rd period - Off-side.
7:46 of 3rd period - Gavin Hain wins face-off versus Juuso Parssinen in neutral zone.
8:21 of 3rd period - Wrist shot by Fabian Lysell.
8:21 of 3rd period - Stopped by Jakub Skarek with a rebound.
8:29 of 3rd period - Minor Penalty to T.J. Tynan for Tripping.
8:30 of 3rd period - Juuso Parssinen wins face-off versus Cole Schwindt in Griffins zone.
8:39 of 3rd period - Wrist shot by Juuso Parssinen.
8:39 of 3rd period - Shot Blocked by Zack Kassian.
8:41 of 3rd period - Snap shot by Juuso Parssinen.
8:41 of 3rd period - Stopped by Jakub Skarek with a rebound.
9:54 of 3rd period - Minor Penalty to Brett Berard for Interference.
9:55 of 3rd period - Juuso Parssinen wins face-off versus Cole Schwindt in Comets zone.
10:00 of 3rd period - Slapshot by Ryan Johnson.
10:00 of 3rd period - Stopped by Jakub Skarek with a rebound.
10:29 of 3rd period - Penalty to T.J. Tynan is over, T.J. Tynan is back on ice.
10:55 of 3rd period - Slapshot by Matthew Kessel.
10:55 of 3rd period - Deflect By T.J. Tynan.
10:55 of 3rd period - Shot Misses the Net.
10:55 of 3rd period - Puck is out of play.
10:56 of 3rd period - Justin Sourdif wins face-off versus T.J. Tynan in Comets zone.
11:21 of 3rd period - Aku Raty is hit by Egor Zamula and loses puck.
11:54 of 3rd period - Penalty to Brett Berard is over, Brett Berard is back on ice.
11:57 of 3rd period - Slapshot by Emil Heineman.
11:57 of 3rd period - Shot Misses the Net.
11:59 of 3rd period - Snap shot by Egor Zamula.
11:59 of 3rd period - Shot Misses the Net.
12:06 of 3rd period - Minor Penalty to Logan Stanley for Hooking.
12:07 of 3rd period - Cole Schwindt wins face-off versus Juuso Parssinen in Griffins zone.
12:16 of 3rd period - Jacob MacDonald is hit by Ryan Johnson and loses puck.
12:32 of 3rd period - Icing by Brett Berard.
12:33 of 3rd period - Cole Schwindt wins face-off versus Aku Raty in Comets zone.
12:52 of 3rd period - Snap shot by Juuso Parssinen.
12:52 of 3rd period - Stopped by Jakub Skarek without a rebound.
12:53 of 3rd period - Samuel Fagemo wins face-off versus T.J. Tynan in Griffins zone.
13:02 of 3rd period - Slapshot by Juuso Parssinen.
13:02 of 3rd period - Goal by Juuso Parssinen - Comets : 1 - Griffins : 4.
13:03 of 3rd period - Juuso Parssinen wins face-off versus Cole Schwindt in neutral zone.
13:16 of 3rd period - Slapshot by Samuel Fagemo.
13:16 of 3rd period - Shot Blocked by Matthew Kessel.
13:18 of 3rd period - Slapshot by Ryan Johnson.
13:18 of 3rd period - Deflect By Jiri Kulich.
13:18 of 3rd period - Stopped by Jakub Skarek with a rebound.
13:28 of 3rd period - Fabian Lysell is hit by Tim Gettinger and loses puck.
13:36 of 3rd period - Off-side.
13:37 of 3rd period - T.J. Tynan wins face-off versus Juuso Parssinen in neutral zone.
13:42 of 3rd period - Backhand shot by Lukas Cormier.
13:42 of 3rd period - Stopped by Jakub Skarek with a rebound.
13:44 of 3rd period - Slapshot by Filip Kral.
13:44 of 3rd period - Stopped by Jakub Skarek without a rebound.
13:45 of 3rd period - T.J. Tynan wins face-off versus Juuso Parssinen in Griffins zone.
13:52 of 3rd period - Filip Kral is hit by Jacob MacDonald and loses puck.
14:01 of 3rd period - Slapshot by Filip Kral.
14:01 of 3rd period - Shot Misses the Net.
14:03 of 3rd period - Slapshot by Samuel Fagemo.
14:03 of 3rd period - Stopped by Jakub Skarek with a rebound.
14:05 of 3rd period - Slapshot by Kim Nousiainen.
14:05 of 3rd period - Stopped by Jakub Skarek with a rebound.
14:25 of 3rd period - Wrist shot by Juuso Parssinen.
14:25 of 3rd period - Shot Misses the Net.
14:34 of 3rd period - Slapshot by Chris Wideman.
14:34 of 3rd period - Shot Misses the Net.
14:36 of 3rd period - Snap shot by Tim Gettinger.
14:36 of 3rd period - Stopped by Filip Lindberg with a rebound.
14:38 of 3rd period - Wrist shot by Tim Gettinger.
14:38 of 3rd period - Shot Misses the Net.
14:40 of 3rd period - Snap shot by Jacob MacDonald.
14:40 of 3rd period - Shot Hit the Post.
14:42 of 3rd period - Backhand shot by Chris Wideman.
14:42 of 3rd period - Shot Misses the Net.
14:44 of 3rd period - Snap shot by Tim Gettinger.
14:44 of 3rd period - Stopped by Filip Lindberg with a rebound.
14:58 of 3rd period - Slapshot by Jakob Pelletier.
14:58 of 3rd period - Shot Misses the Net.
15:00 of 3rd period - Wrist shot by Tim Gettinger.
15:00 of 3rd period - Stopped by Filip Lindberg with a rebound.
15:02 of 3rd period - Snap shot by Chris Wideman.
15:02 of 3rd period - Deflect By Juuso Parssinen.
15:02 of 3rd period - Stopped by Filip Lindberg without a rebound.
15:03 of 3rd period - Aku Raty wins face-off versus Cole Schwindt in Comets zone.
15:08 of 3rd period - Wrist shot by Fabian Lysell.
15:08 of 3rd period - Stopped by Jakub Skarek without a rebound.
15:09 of 3rd period - Cole Schwindt wins face-off versus Aku Raty in Griffins zone.
15:16 of 3rd period - Slapshot by Aku Raty.
15:16 of 3rd period - Shot Blocked by Zack Kassian.
15:18 of 3rd period - Slapshot by Ryan Johnson.
15:18 of 3rd period - Stopped by Jakub Skarek without a rebound.
15:19 of 3rd period - Aku Raty wins face-off versus Cole Schwindt in Griffins zone.
15:47 of 3rd period - Minor Penalty to Zack Kassian for Elbowing.
15:48 of 3rd period - Juuso Parssinen wins face-off versus Cole Schwindt in Griffins zone.
15:50 of 3rd period - Wrist shot by Logan Stankoven.
15:50 of 3rd period - Goal by Logan Stankoven - Comets : 2 - Griffins : 4.
15:51 of 3rd period - Gavin Hain wins face-off versus Juuso Parssinen in neutral zone.
16:23 of 3rd period - Logan Stanley is hit by Brett Berard and loses puck.
17:10 of 3rd period - Emil Heineman is hit by Samuel Fagemo and loses puck.
17:28 of 3rd period - Jacob MacDonald is hit by Lukas Cormier and loses puck.
17:51 of 3rd period - Snap shot by Cole Schwindt.
17:51 of 3rd period - Stopped by Filip Lindberg with a rebound.
18:16 of 3rd period - Kim Nousiainen is hit by Egor Zamula and loses puck.
19:02 of 3rd period - Tim Gettinger is hit by Kim Nousiainen and loses puck.
Goals for this period are 2 for Comets vs 1 for Griffins.
Shots for this period are 17 for Comets vs 15 for Griffins.